[Event "World Women Teams Championship"]
[Site "Sitges, Spain"]
[Date "2021.09.27"]
[Round "2.7"]
[White "Sargsyan, Anna M."]
[Black "Mamedjarova, Turkan"]
[Result "1-0"]
[TimeControl "40+10"]
[WhiteElo "2283"]
[BlackElo "2243"]

1. d4 Nf6 2. c4 e6 3. Nf3 b6 4. g3 Ba6 5. Qc2 Bb7 6. Bg2 c5 7. d5 exd5 8. cxd5 Nxd5 9. O-O Be7 10.
Rd1 Nc6 11. a3 Nf6 12. Bf4 d5 13. Nc3 O-O 14. e3 h6 15. Nh4 Qc8 16. Nf5 Kh8 17. Nxd5 Nxd5 18. Bxd5 Rd8 19. Bxf7 Rf8 20.
Bg6 Rf6 21. Nxe7 Nxe7 22. Be4 Bxe4 23. Qxe4 Ng6 24. Bd6 Qg8 25. b4 c4 26. b5 Rc8 27. Rac1 Qf7 28. f4 Re6 29. Qd5 Qe8 30.
Bb4 Rxe3 31. Rxc4 Rxc4 32. Qxc4 Kh7 33. Qc6 Qf7 34. Qd5 Qe8 35. Rf1 h5 36. Qxh5+ Kg8 37. f5 Re2 38. fxg6 Qe3+ 39. Kh1 Qe4+ 40. Qf3 1-0

[Event "World Women Teams Championship"]
[Site "Sitges, Spain"]
[Date "2021.09.27"]
[Round "2.8"]
[White "Mamedjarova, Zeinab"]
[Black "Gaboyan, Susanna"]
[Result "0-1"]
[TimeControl "40+10"]
[WhiteElo "2198"]
[BlackElo "2083"]

1. Nf3 Nf6 2. g3 g6 3. c4 Bg7 4. Bg2 O-O 5. O-O d5 6. cxd5 Nxd5 7. Nc3 Nb6 8.
b3 Nc6 9. Bb2 e5 10. d3 a5 11. a4 Be6 12. Ne4 Nd4 13.
Nxd4 exd4 14. Ba3 Re8 15. Nc5 Nd5 16. Nxb7 Qc8 17. Nc5 Nc3 18. Qd2 Bg4 19. Rfe1 Nxe2+ 20. Kf1 Qf5 21. f4 Re3 22. Bxa8 Qh5 23. Rxe2 Rxe2 24.
Qxe2 Bxe2+ 25. Kg2 Bf8 26. Nd7 Bg7 27. Re1 h6 28. h3 Bxd3 29. Re8+ Kh7 30. Bf3 Qf5 31. Ne5 Be4 32. Re7 Bxf3+ 33. Kxf3 Bxe5 34. Rxe5 Qd3+ 35. Kf2 Qxb3 36. Bc5 Qc2+ 37. Kf3 d3 38. Be3 Qe2+ 39. Ke4 d2 0-1

[Event "World Women Teams Championship"]
[Site "Sitges, Spain"]
[Date "2021.09.27"]
[Round "2.9"]
[White "Matnadze Ana (SPA)"]
[Black "Harika Dronavalli (IND)"]
[Result "1/2-1/2"]
[TimeControl "40+10"]
[WhiteElo "2349"]
[BlackElo "2450"]

1. d4 d5 2. Nf3 c6 3. g3 Nf6 4. Bg2 g6 5. O-O Bg7 6. c4 O-O 7. Qb3 a5 8. Nc3 a4 9. Nxa4 dxc4 10.
Qd1 b5 11. Nc5 Nbd7 12. Nxd7 Nxd7 13. Bg5 Bb7 14.
Qd2 Re8 15. Rfd1 Qa5 16. Qf4 e5 17. dxe5 Nxe5 18. Bf6 Bxf6 19. Qxf6 Re6 20. Qh4 Nxf3+ 21. Bxf3 Qc7 22. e3 Kg7 23. Qd4+ Rf6 24. Bg2 c5 25.
Qc3 Bxg2 26. Kxg2 Qc6+ 27. Kg1 Qf3 28. Rd2 h5 29. h4 Raa6 30. Qe5 Qf5 31. Qe8 b4 32. Rd8 Qxf2+ 33. Kh1 Qf3+ 34. Kh2 Qf2+ 35. Kh1 Qf3+ 36. Kh2 Qf2+ 37. Kh1 Qf3+ 38. Kh2 1/2-1/2

[Event "World Women Teams Championship"]
[Site "Sitges, Spain"]
[Date "2021.09.27"]
[Round "2.10"]
[White "Vaishali R (IND)"]
[Black "Vega Gutierrez Sabrina (SPA)"]
[Result "1-0"]
[TimeControl "40+10"]
[WhiteElo "2149"]
[BlackElo "2214"]

1. e4 c5 2. Nf3 e6 3. d4 cxd4 4. Nxd4 Nf6 5. Nc3 Nc6 6. a3 Be7 7. Nxc6 bxc6 8. e5 Nd5 9. Qg4 g6 10. Qg3 h5 11. Ne4 h4 12. Qh3 Qc7 13. f4 d6 14. exd6 Bxd6 15. Nxd6+ Qxd6 16. Qd3 e5 17. c4 Bf5 18.
fxe5 Qc5 19. Qf3 Nc7 20. Qe3 Ne6 21. Be2 Rb8 22. b4 Qd4 23. Ra2 h3 24. g3 a5 25. O-O O-O 26. Rb2 axb4 27. axb4 Ra8 28. Rd1 Qe4 29. Qxe4 Bxe4 30. Bh6 Rfd8 31. Rxd8+ Rxd8 32. Be3 Ra8 33.
g4 g5 34. Kf2 Nf4 35. Bxf4 gxf4 36. b5 cxb5 37. cxb5 Ra1 38. Rb4 Bd5 39. Rxf4 Rh1 40. Kg3 Re1 41. Rf2 Bg2 42. Bc4 Re3+ 43.
Kh4 Rxe5 44. Rxf7 Kh8 45. b6 Rc5 46. Rc7 Re5 47. b7 1-0

[Event "World Women Teams Championship"]
[Site "Sitges, Spain"]
[Date "2021.09.27"]
[Round "2.11"]
[White "Eizaguerri Floris Maria (SPA)"]
[Black "Kulkarni Bhakti (IND)"]
[Result "1/2-1/2"]
[TimeControl "40+10"]
[WhiteElo "1811"]
[BlackElo "2325"]

1. e4 d5 2. exd5 Qxd5 3. Nc3 Qa5 4.
d4 Nf6 5. Bd2 Bg4 6. f3 Bd7 7. Bc4 Qb6 8. Qe2 Nc6 9. d5 Nd4 10.
Qd3 O-O-O 11. O-O-O Bf5 12. Ne4 e6 13. Be3 exd5 14. Bxd4 dxc4 15. Qxc4 Be6 16.
Qa4 c5 17. Bxf6 Rxd1+ 18. Kxd1 gxf6 19.
Kc1 Bh6+ 20. Kb1 Rd8 21. Ne2 Kb8 22. N4c3 c4 23. f4 f5 24. Qb5 Qe3 25. g3 Bg7 26. a4 a6 27. Qb4 Rd2 28. a5 Qf3 29. Rc1 Qc6 30.
Qe7 Ka7 31. Qb4 Bf6 32. h4 h5 33.
Rd1 Rxd1+ 34. Nxd1 Bd5 35. Nec3 Be6 36.
Na4 Bd4 37. Ndc3 Qh1+ 38. Ka2 Qg2 39. Qd6 Be3 40. Nc5 Qc6 41. Qxc6 bxc6 42. Nxe6 fxe6 43. b3 Bd2 44. Kb2 Be1 45. Ne2 c5 46. bxc4 Bxa5 47. c3 Bc7 48. Ng1 e5 49. Ne2 e4 50. Kb3 Kb6 51. Nc1 Kc6 52. Kc2 Kb6 53. Kb3 Bd8 54. Kc2 Bf6 55. Kb3 Kc6 56. Kc2 a5 57. Na2 a4
58. Kd2 Bd4 59. Ke2 Bf6 60.
Kd2 Kb6 61. Kc2 Ka5 62. Kd2 a3 63.
Kc2 Ka4 64. Nc1 e3 65. Nd3 Be7 66. Nc1 Bd6 67. Kd3 e2 68. Kxe2 a2 69. Nxa2 Kb3 70. Nc1+ Kxc3 71. Nd3 Kxc4 72. Ne1 Kc3 73. Ng2 Kd4 74. Ne3 Ke4 75. Nc4 Bxf4 76. gxf4 Kxf4 77. Ne3 Ke4 78. Nf1 f4 79. Nd2+ Kd4 80. Kf3 Ke5 81. Nc4+ Kd4 82. Na3 Ke5 83. Nc4+ Kd4 84. Nb2 c4 85. Nxc4 Kxc4 86. Kxf4 Kd5 87. Kg5 Ke6 88. Kxh5 Kf7 89. Kh6 Kg8 90. h5 Kh8 91. Kg6 Kg8 92. h6 Kh8 93. h7 1/2-1/2

[Event "World Women Teams Championship"]
[Site "Sitges, Spain"]
[Date "2021.09.27"]
[Round "2.12"]
[White "Gomes Mary Ann (IND)"]
[Black "Garcia Martin Marta (SPA)"]
[Result "1/2-1/2"]
[TimeControl "40+10"]
[WhiteElo "2305"]
[BlackElo "2097"]

1. Nf3 Nf6 2. g3 b6 3. Bg2 Bb7 4. O-O g6 5. b3 Bg7 6. Bb2 O-O 7. c4 c5 8. e3 d5 9. Qe2 Nc6 10. d3 e6 11. Nc3 Qe7 12.
Rfd1 Rfd8 13. Rac1 Rac8 14. Nb5 e5 15. cxd5 Nxd5 16. Nc3 Nxc3 17. Bxc3 Ba6 18. Ne1 Rd6 19. Qb2 Rcd8 20. a3 Bb5 21. b4 c4 22. Bxc6 Bxc6 23. b5 Ba8 24.
Bb4 Qb7 25. e4 Rd4 26. Bc3 R4d7 27. Bxe5 Bxe5 28. Qxe5 cxd3 29. Rc4 d2 30. Nf3 Rd3 31. Ng5 R3d7 32. Qf4 h6 33. Nf3 g5 34. Qf5 Rd6 35. h4 Qd7 36.
Qxd7 R6xd7 37. Rxd2 Rxd2 38. Nxd2 Rxd2 39. Rc8+ Kg7 40. Rxa8 gxh4 41. Rxa7 hxg3 42. fxg3 Rb2 43. a4 Rb4 44.
Kf2 Rxe4 45. Ra6 f5 46. Kf3 h5 47. Rxb6 Rxa4 48. Rb8 h4 49. gxh4 Rxh4 50. b6 Rb4 51. b7 Kh7 52. Ke3 Kg7 53.
Kf3 Kh7 54. Ke3 Kg7 55. Kf3 Kh7 56. Ke4 1/2-1/2

[ePGN "0.1;DGT LiveChess/2.2.5"]

[Event "World Women Teams  Championship"]
[Site "Sitges, Spain"]
[Date "2021.09.27"]
[Round "2.1"]
[White "Dzagnidze, Nana"]
[Black "Abdumalik, Zhansaya"]
[Result "0-1"]
[TimeControl "40+10"]
[WhiteElo "2455"]
[BlackElo "2444"]

1. d4 Nf6 2. c4 g6 3. g3 Bg7 4. Bg2 d5 5. cxd5 Nxd5 6. Nf3 O-O 7. O-O Nb6 8. Nc3 Nc6 9. e3 Re8 10. h3 e5 11. d5 Na5 12. Qc2 c6 13. b4 Nac4 14. dxc6 bxc6 15. Rd1 Qe7 16. Nd2 Bf5 17. Nce4 Rad8 18. Rb1 h5 19. a4 Nxd2 20. Bxd2 Qe6 21. Rbc1 Nd5 22. Be1 Bf8 23. Qc4 Be7 24. Nc5 Bxc5 25. Qxc5 Bxh3 26. Bxh3 Qxh3 27. Qxc6 Kg7 28. Qc4 Nf6 29. Qf1 Qf5 30. Qe2 Rxd1 31. Qxd1 h4 32. gxh4 Qe4 33. Rc7 Rh8 34. Qb3 Nd5 35. Qc4 Qf3 36. Rc6 Nf4 37. exf4 Rxh4 0-1

[Event "World Women Teams  Championship"]
[Site "Sitges, Spain"]
[Date "2021.09.27"]
[Round "2.2"]
[White "Saduakassova, Dinara"]
[Black "Batsiashvili, Nino"]
[Result "1/2-1/2"]
[TimeControl "40+10"]
[WhiteElo "2429"]
[BlackElo "2371"]

1. c4 e6 2. Nf3 d5 3. g3 dxc4
4. Qa4+ Bd7 5. Qxc4 c5 6. Bg2 Nc6 7. O-O Rc8 8.
Nc3 Nf6 9. d4 cxd4 10. Nxd4 Nxd4 11. Qxd4 Bc5 12. Qd3 Bc6 13. Qxd8+ Kxd8 14. Bxc6 Rxc6 15. Bg5 h6 16. Bxf6+ gxf6 17. Ne4 Ke7 18. Rfd1 Rhc8 1/2-1/2

[Event "World Women Teams  Championship"]
[Site "Sitges, Spain"]
[Date "2021.09.27"]
[Round "2.3"]
[White "Arabidze, Meri"]
[Black "Kamalidenova, Meruert"]
[Result "1/2-1/2"]
[TimeControl "40+10"]
[WhiteElo "2434"]
[BlackElo "1984"]

1. Nf3 Nf6 2. g3 g6 3. b3 Bg7 4. Bb2 O-O 5. Bg2 d5 6. O-O c6 7. c4 Nbd7 8. d3 Re8 9. Nc3 e5 10.
cxd5 Nxd5 11. Rc1 Nf8 12. a3 Bg4 13. h3 Bxf3 14. Bxf3 Nxc3 15. Bxc3 Ne6 16. b4 Qd7 17. Bg2 h5 18.
h4 Rad8 19. a4 a6 20. Re1 Nc7 21.
Qb3 Nd5 22. Bd2 Bf8 23. Rb1 Kg7 24. Rec1 Nf6 25. b5 axb5 26. axb5 c5 27. b6 Nd5 28. Qb5 f5 29. Bg5 Qxb5 30.
Rxb5 Rd7 31. Ra1 Nc3 32. Rb2 e4 33. Ra7 Bd6 34. dxe4 Nxe4 35. Be3 Bb8 36. Bxe4 Rxe4 37. Bxc5 Bxa7 38. bxa7 Ra4 39. e3 Kf7 40.
Bd4 Ke7 41. Kg2 b5 42. Rxb5 Rdxa7 43. Bxa7 Rxa7 44. Rb6 Kf7 45.
Kf3 Ra4 46. Rd6 Rb4 47. Ke2 Ra4 48. Rd4 Ra2+ 49. Rd2 Ra4 50. Rc2 Rb4 51. Rc7+ Kf6 52. Rc6+ Kf7 53. Kd3 Ra4 54. Rc7+ Kf6 55. Rc6+ Kf7 56. Rc4 Ra2 57. Rc2 Ra4 58. f3 Ra1 59. Ke2 Ra4 60. Rb2 Kf6 61. Rb6+ Kf7 62. Rd6 Ra2+ 63. Rd2 Ra4 64. Kf2 Rb4 65. Ra2 Kf6 66. Ke2 Kf7 67.
Kd3 Rb1 68. Ra7+ Kf6 69. Ra6+ Kf7 70. Kd4 Rf1 71. f4 Rf3 72. Ra3 Rxg3 73. Ke5 Kg7 74. Ke6 Rg1 75. Ra7+ Kh6 76. Kf7 Rb1 77. Re7 Rb8 78. Re6 Kh7 79.
Kf6 Rb1 80. Re7+ Kh6 81. Re8 Kh7 82. Kf7 Rb6 83. Re6 Rb7+ 84. Re7 Rb8 85. Rd7 Ra8 86. Kf6+ Kh6 87. Rd6 Rf8+ 88. Ke7 Ra8 89.
Kf7 Ra7+ 90. Kf6 Rb7 91. Re6 Ra7 92. Re7 Ra6+ 93. Kf7 Ra8 94. Re8 Ra7+ 95. Kf8 Rb7 96. Re6 Ra7 97. e4 Ra8+ 98. Kf7 Ra7+ 99. Kf6 fxe4 100. Rxe4 Ra5 101. Re5 1/2-1/2

[Event "World Women Teams  Championship"]
[Site "Sitges, Spain"]
[Date "2021.09.27"]
[Round "2.4"]
[White "Dauletova, Gulmira"]
[Black "Javakhishvili, Lela"]
[Result "0-1"]
[TimeControl "40+10"]
[WhiteElo "2184"]
[BlackElo "2364"]

1. e4 e5 2. Nf3 Nc6 3. Bb5 Nf6 4. d3 Bc5 5. c3 d5 6. Qe2 O-O 7. O-O dxe4 8. dxe4 Qe7 9. Nbd2 Nd8 10.
b4 Bd6 11. Nc4 a6 12. Nxd6 cxd6 13. Ba4 Bd7 14. Bxd7 Nxd7 15. Be3 Rc8 16. c4 Nf6 17. Qd3 Ne6 18. Rac1 Ng4 19. Rfd1 Nxe3 20.
Qxe3 Rc6 21. Rc3 Rfc8 22. Rdc1 Qc7 23. g3 h6 24. a3 b5 25. Nd2 Nd4 26. Kg2 Qb7 27. h4 R8c7 28. f4 bxc4 29.
Rxc4 Qb5 30. Rxc6 Rxc6 31. Rxc6 Qxc6 32. fxe5 dxe5 33. Nf3 Qc2+ 34. Kh3 Qc4 35. Nd2 Qc1 36. Qd3 Qh1+ 37. Kg4 g6 38. Qf1 h5+ 39. Kg5 Qxf1 40. Nxf1 Kg7 0-1

[Event "World Women Teams  Championship"]
[Site "Sitges, Spain"]
[Date "2021.09.27"]
[Round "2.5"]
[White "Cori T., Deysi"]
[Black "Muzychuk, Anna"]
[Result "0-1"]
[TimeControl "40+10"]
[WhiteElo "2340"]
[BlackElo "2537"]

1. Nf3 Nf6 2. d4 g6 3. Bg5 Bg7 4. Nbd2 d5 5. c4 Ne4 6.
Bh4 c5 7. cxd5 Nxd2 8. Qxd2 cxd4 9. Qb4 Na6 10. Qa3 O-O 11. d6 Qxd6 12. Qxd6 exd6 13. Rd1 Be6 14. Nxd4 Bxa2 15. e3 Nb4 16.
Be7 Rfc8 17. Bxd6 Bxd4 18. exd4 Rc2 19. Bb5 Rxb2 20. O-O Nd5 21. Bd3 Rd8 22. Bg3 b5 23. Rfe1 b4 24. Rc1 Rd2 25. Ba6 b3 26. Bh4 f6 27. Bb7 b2 28. Bxd5+ Rxd5 29. Rc8+ Kg7 30.
Rc7+ Kh6 31. Bxf6 b1=Q 32. Rxb1 Bxb1 33. h4 g5 34. hxg5+ Kh5 35. f3 Bg6 36. Kh2 Kh4 37. Rxa7 Rf5 38.
d5 Rxf3 39. Ra4+ Kh5 40. Rc4 Re3 41. Rf4 Be4 0-1

[Event "World Women Teams  Championship"]
[Site "Sitges, Spain"]
[Date "2021.09.27"]
[Round "2.6"]
[White "Muzychuk, Mariya"]
[Black "Lujan, Carolina"]
[Result "1-0"]
[TimeControl "40+10"]
[WhiteElo "2496"]
[BlackElo "2375"]

1. e4 c5 2. Nf3 Nc6 3. Bb5 e6 4. O-O Nge7 5. d4 cxd4 6. Nxd4 Ng6 7. Be3 Be7 8. Be2 d6 9. c4 O-O 10. Nc3 Nxd4 11. Qxd4 b6 12. Qd2 Bb7 13. f4 Rc8 14. b3 Bf6 15. f5 Ne5 16. Rad1 Re8 17. Nb5 Be7 18. fxe6 fxe6 19. Bf4 Nf7 20. Bg4 Bf8 21. Qd3 Qh4 22. h3 Ne5 23. Bxe5 dxe5 24. Rxf8+ Rxf8 25. Bxe6+ Kh8 26. Bxc8 Qf2+ 27. Kh2 Bxc8 28. a4 h6 29.
Qg3 Qe2 30. Rd5 Qxe4 31. Rxe5 Qc2 32. Re7 Qb2 33. Rxa7 Bf5 34.
Nc3 Rg8 35. Nd5 Be4 36. Nf4 Bc2 37. Rb7 Qxb3 38. Qxb3 Bxb3 39. c5 Bxa4 40. cxb6 Rd8 41. Ne6 Rd2 42. Rb8+ Kh7 43. Nf8+ Kg8 44. Ng6+ Kf7 45.
Ne5+ Ke6 46. Nc4 Rc2 47. b7 Rxc4 48. Rc8 Rb4 49. b8=Q Rxb8 50.
Rxb8 Kf7 51. Rb6 Bc2 52. g4 Be4 53. Kg3 Bd3 54. Kf4 Bc2 55. h4 Bd3 56. Rb7+ Kg6 57. Ke5 Be2 58. h5+ Kh7 59. Rb4 Bd1 60. Ke6 Kg8 61.
Ke7 Be2 62. Rd4 Bf3 63. Ke6 Be2 64. Rd8+ Kh7 65. Kf5 Bf3 66. Rd2 Kg8 67. Rf2 Bd1 68. Kg6 Ba4 69. Rb2 Be8+ 70. Kf5 Bd7+ 71. Kf4 Bc6 72. Rb4 Kh7 73. Ke5 Bf3 74. Ke6 Kg8 75. Rb8+ Kh7 76.
Kf5 Be2 77. Rb2 Bd1 78. Rf2 Ba4 79. Ke6 Kg8 80. Ke7 Bd1 81. Rg2 Bf3 82. Rg3 Bd1 83.
Ke6 Be2 84. Kf5 Kh7 85. Rh3 Ba6 86. Rh2 Bd3+ 87. Ke6 Kg8 88. Rd2 Bc4+ 89. Ke7 Bb3 90. Rd8+ Kh7 91. Kf8 Be6 92. Rd4 Kh8 93. Re4 Bd7 94. Kf7 Kh7 95.
Rc4 Kh8 1-0

[Event "World Women Teams  Championship"]
[Site "Sitges, Spain"]
[Date "2021.09.27"]
[Round "2.7"]
[White "Ouellet, Maili-Jade"]
[Black "Ushenina, Anna"]
[Result "1/2-1/2"]
[TimeControl "40+10"]
[WhiteElo "2113"]
[BlackElo "2418"]

1. d4 d5 2. c4 dxc4 3. e4 Nf6 4. e5 Nd5 5. Bxc4 Bf5 6. Nc3 Nb6 7. Bb3 e6 8. Nge2 Nc6 9. O-O Qd7 10.
Be3 Be7 11. Qc1 Na5 12. Bc2 Bxc2 13. Qxc2 Nac4 14. Bf4 Nd5 15. Nxd5 Qxd5 16. Rfd1 Nb6 17. Be3 Qc4 18. Rac1 Qxc2 19. Rxc2 c6 20. g3 O-O 21. Nc3 Rfd8 22. Ne4 Rd5 23. Kg2 Rad8 24. Rdc1 h6 25. f4 R5d7 26. Bf2 Nd5 27. a3 Nc7 28.
Nc3 Nd5 29. Ne4 a6 30. Kf3 Nc7 31. Nc3 Nb5 32. Ne2 f6 33. Kg2 Kf7 34. g4 f5 35. Kf3 Nc7 36. h4 g6 37. Nc3 fxg4+ 38. Kxg4 h5+ 39. Kf3 Ne8 40. Na4 Ng7 41. Nb6 Rc7 42. Rc4 Nf5 43. Rh1 Re8 44. Ke4 Bd8 45. Rc3 Rce7 46. Na4 Rc7 47. Nb6 Rf8 48. Rhh3 Kg7 49. b4 Rcf7 50. Nc4 Ne7 51. Rcf3 Nd5 52.
Bg3 Bc7 53. Rh2 Rd8 54. Rd2 Ne7 55. Bf2 Nf5 56. Rfd3 Rfd7 57. Rd1 Ra8 58. Rb1 Bd8 59. Rh1 a5 60. bxa5 Bxa5 61. Rb3 Bd8 62. Rhh3 Ra4 63. Rbc3 Ra6 64.
Rb3 Be7 65. Nd2 Ra4 66. Nf3 c5 67. Rd3 cxd4 68. Ng5 Bxg5 69. hxg5 Rd5 70. Rh1 Rda5 71. Be1 Ra6 72. Bb4 Rc6 73. Rhd1 b6 74. R1d2 h4 75. Rh3 Ra8 76. Rb2 Ra4 77. Rd2 Rc1 78. Rf2 Ra7 79. Rb2 Ra4 80.
Bd2 Rc6 81. Bb4 Ra8 82. Rhb3 Kf7 83. Be1 Rh8 84. Rxb6 Rxb6 85. Rxb6 h3 86. Rb7+ Ne7 87. Bb4 h2 88. Rxe7+ Kg8 89. Re8+ Kg7 90. Re7+ Kg8 91. Re8+ Kg7 92. Re7+ Kg8 93. Re8+ 1/2-1/2

[Event "World Women Teams  Championship"]
[Site "Sitges, Spain"]
[Date "2021.09.27"]
[Round "2.8"]
[White "Buksa, Nataliya"]
[Black "Arribas Robaina, Maritza"]
[Result "1-0"]
[TimeControl "40+10"]
[WhiteElo "2184"]
[BlackElo "2261"]

1. e4 e6 2. d4 d5 3.
Nc3 Bb4 4. e5 Ne7 5. a3 Bxc3+ 6. bxc3 c5 7. Qg4 O-O 8. Bd3 c4 9. Bh6 Ng6 10. Bxg6 fxg6 11. Be3 Nc6 12. h4 Qe8 13.
Nh3 Qf7 14. Qe2 Bd7 15. Ng5 Qe8 16. Kd2 h6 17. Nh3 Ne7 18. g4 Ba4 19. Rag1 Rc8 20. h5 gxh5 21. g5 Qg6 22. Kc1 Qe4 23.
gxh6 g6 24. Ng5 Qf5 25. Rh3 Rc6 26. Rf3 Bxc2 27. Rxf5 Bxf5 28. Kb2 Bd3 29. Qd1 Rb6+ 30. Ka2 Nf5 31. Qa4 Nxh6 32. Qd7 Nf7 33.
Nh3 Nh8 34. Bh6 Rf7 35. Qe8+ Kh7 36. Ng5+ Kxh6 37. Qxh8+ 1-0

[Event "World Women Teams  Championship"]
[Site "Sitges, Spain"]
[Date "2021.09.27"]
[Round "2.9"]
[White "Zawadzka, Jolanta"]
[Black "Paehtz, Elisabeth"]
[Result "1/2-1/2"]
[TimeControl "40+10"]
[WhiteElo "2313"]
[BlackElo "2371"]

1. e4 c5 2. Nf3 d6 3. Bb5+ Bd7 4. Bxd7+ Nxd7 5. O-O Ngf6 6. Qe2 e6 7. c3 Be7 8. d4 cxd4 9. cxd4 d5 10. e5 Ne4 11. Nbd2 Nxd2 12. Bxd2 O-O 13. Rac1 Qb6 14. Bc3 Rfc8 15. Rc2 Rc6 16. Rfc1 Rac8 17. h4 Qa6 18. Qxa6 Rxa6 19. Bd2 Rac6 20. Rxc6 Rxc6 21. g3 h5 22. Kf1 f6 23. Ke2 Kf7 24. Rc3 Kg6 25. Rb3 b6 26. Rc3 Nb8 27. Ne1 Rxc3 28. Bxc3 fxe5 29. dxe5 Nc6 30. Nc2 a5 31. f4 Bc5 32. Kf3 Kf5 33. Ne1 b5 34. Nd3 Bb6 35. b3 b4 36. Bb2 Bd4 37. Bc1 Na7 38. a3 bxa3 39. Bxa3 Nb5 40. Bc1 Bg1 41. Bb2 Bb6 42. Nc1 Bd4 43. Bxd4 Nxd4+ 44. Ke3 Nc2+ 45. Kd3 Nb4+ 46.
Kd4 Na6 47. Ne2 Kg4 48. Ke3 Nc5 49. Nd4 g6 50. Kf2 Ne4+ 51. Kg2 Nxg3 52. Nxe6 Nf5 53. Nf8 Ne7 54. Ne6 Kf5 55. Nd8 Kxf4 56.
e6 Kg4 57. Nb7 Kf5 58. Nc5 Ke5 59. Kf3 Nf5 60. Ke2 Kd6 61. Nb7+ Kxe6 62. Nxa5 Nxh4 63. b4 Nf5 64. Nb3 Kd6 65.
Nc5 h4 66. Kf3 h3 67. Nd3 g5 68. Kg4 h2 69. Nf2 Ne3+ 70. Kxg5 Ke5 71. b5 Nd1 72. Ng4+ Kd6 73. Nxh2 Kc5 74.
Kf4 Kxb5 75. Nf3 Kc5 76. Ng5 Nb2 77. Ne6+ Kc4 78. Ke3 Nd1+ 79. Kd2 Nc3 80. Kc2 Nb5 81. Kd1 Nd4 82. Nf4 1/2-1/2

[Event "World Women Teams  Championship"]
[Site "Sitges, Spain"]
[Date "2021.09.27"]
[Round "2.11"]
[White "Kulon, Klaudia"]
[Black "Klek, Hanna Marie"]
[Result "1-0"]
[TimeControl "40+10"]
[WhiteElo "2234"]
[BlackElo "2331"]

1. e4 c5 2. Nf3 d6 3. d4 cxd4 4.
Nxd4 Nf6 5. Nc3 a6 6. Be2 g6 7.
O-O Bg7 8. Re1 O-O 9. Bf1 b5 10. Bg5 Bb7 11. a4 b4 12. Nd5 Nbd7 13. Nxb4 Qb6 14. c3 e5 15. a5 Qc7 16. Ndc2 Nxe4 17.
Bh4 Ndc5 18. Nd5 Bxd5 19. Qxd5 Nf6 20. Bxf6 Bxf6 21. Ne3 Bg5 22. Nc4 Rfd8 23. Rad1 Ne6 24. g3 Be7 25. h4 Rab8 26.
Nb6 Qa7 27. b4 Bf8 28. Qc6 Kg7 29. Bc4 Nc7 30. Nd7 Rbc8 31. Nb6 Rb8 32. g4 Ne6 33. Qf3 Qe7 34. g5 Nc7 35. Nd5 Nxd5 36. Qxd5 h6 37. gxh6+ Kxh6 38. Qxf7 Qxf7 39.
Bxf7 Rdc8 40. Re3 Rc7 41. Bd5 Be7 42. Be4 Rbc8 43. Rg3 Rxc3 44. Rxg6+ Kh5 45. Rg7 R8c7 46. Kg2 R3c4 47. f3 Kh6 48.
Rh7# 1-0

[Event "World Women Teams Championship"]
[Site "Sitges, Spain"]
[Date "2021.09.28"]
[Round "3.1"]
[White "Mammadzada, Gunay"]
[Black "Goryachkina, Aleksandra"]
[Result "0-1"]
[TimeControl "40+10"]
[WhiteElo "2280"]
[BlackElo "2520"]

1. e4 e5 2. Nf3 Nc6 3. Bb5 Nf6 4. O-O Nxe4 5. Re1 Nd6 6. Nxe5 Be7 7. Bf1 Nf5 8. Bd3 Nfd4 9. Qh5 Nxe5 10.
Rxe5 Ne6 11. Nc3 d6 12. Re1 c6 13. g3 g6 14. Qh6 Bg5 15. Qg7 Qf6 16. Qxf6 Bxf6 17. Ne4 Be7 18. b4 d5 19.
Nc5 Bf6 20. Rb1 O-O 21. Nxe6 Bxe6 22. Bb2 Kg7 23. Be5 Rfe8 24. f3 Bd7 25. Bxf6+ Kxf6 26. Kf2 Rxe1 27. Rxe1 a5 28. a3 axb4 29.
axb4 h5 30. h4 b6 31. Rb1 Ra2 32. Ke3 Ke5 33. c3 Be6 34. Bf1 Ra3 35. Bd3 d4+ 36. cxd4+ Kd6 37. Rc1 Rb3 38. Rc3 Rxb4 39.
Ra3 b5 40. Ra6 Rb3 41. Ke2 b4 42. Ra1 Ra3 43. Rc1 b3 44. Be4 Ra6 45. Rb1 Rb6 46. Rb2 Bc4+ 47. Bd3 Kd5 48. Ke3 f5 49. Bb1 c5 50. dxc5 Kxc5 51. d3 Bd5 52. d4+ Kb4 53. Bd3 Kc3 0-1

[Event "World Women Teams Championship"]
[Site "Sitges, Spain"]
[Date "2021.09.28"]
[Round "3.2"]
[White "Kosteniuk, Alexandra"]
[Black "Mammadova, Gulnar"]
[Result "1-0"]
[TimeControl "40+10"]
[WhiteElo "2517"]
[BlackElo "2406"]

1. e4 e6 2. d4 d5 3. e5 c5 4. c3 Nc6 5. Nf3 Bd7 6. Be2 Qb6 7. O-O f6 8. dxc5 Bxc5 9. b4 Be7 10.
Bf4 fxe5 11. Bxe5 Nf6 12. Nbd2 O-O 13. Bg3 a6 14. Rb1 Nh5 15. c4 Nxg3 16. hxg3 Qc7 17. a3 Be8 18. Bd3 a5 19.
Qc2 h6 20. cxd5 axb4 21. dxc6 Rxa3 22. cxb7 Qxb7 23. Nc4 Ra7 24. Nce5 Bf6 25. Bh7+ Kh8 26. Ng6+ Bxg6 27. Bxg6 Rb8 28.
Qb3 Qb6 29. Rfc1 Qd6 30. Qc4 Rab7 31. Bc2 Qd5 32. Qg4 Qd6 33. Qg6 Kg8 34. Bb3 Kh8 35. Rc4 e5 36. Rbc1 Rd7 37. Rc6 Qe7 38.
Bc2 1-0

[Event "World Women Teams Championship"]
[Site "Sitges, Spain"]
[Date "2021.09.28"]
[Round "3.3"]
[White "Fataliyeva, Ulviyya"]
[Black "Shuvalova, Polina"]
[Result "1/2-1/2"]
[TimeControl "40+10"]
[WhiteElo "2310"]
[BlackElo "2383"]

1. d4 d5 2. c4 e6 3. Nc3 c5 4.
cxd5 exd5 5. Nf3 Nf6 6.
Bg5 Be6 7. g3 Nc6 8. Bg2 h6 9. Bxf6 Qxf6 10. O-O O-O-O 11. Qa4 Kb8 12. e4 Nxd4 13. Nxd4 Qxd4 14. Qc2 Qf6 15. exd5 Bf5 16.
Qa4 Qd4 17. Qa5 b6 18. Qa6 Bc8 19. Qe2 Bd6 20. Qf3 Bg4 21. Nb5 Bxf3 22. Nxd4 Bxd5 23. Bxd5 cxd4 24. Rad1 Bxg3 25. fxg3 Rxd5 26.
Rxf7 Rc8 27. Rd2 Rc7 28. Rf3 Rcd7 29. Rfd3 Kc7 30. Kf2 Kc6 31. Kf3 a5 32. Ke4 Re7+ 33. Kf3 Kc5 34. Rc2+ Kb5 35.
Rcd2 Kc4 36. Rb3 Rd6 37.
Rc2+ Kd5 38. Rb5+ Ke6 39. Re2+ Kd7 40. Rxe7+ Kxe7 41. Ke2 Kd7 42. Kd3 Kc6 43. Rf5 Rd7 44. b3 Rd6 45. a3 Rd7 46. Rf4 Kc5 47. Rf5+ Kc6 48. Rf4 Kc5 49. Rf5+ 1/2-1/2

[Event "World Women Teams Championship"]
[Site "Sitges, Spain"]
[Date "2021.09.28"]
[Round "3.4"]
[White "Kashlinskaya, Alina"]
[Black "Mamedjarova, Turkan"]
[Result "1-0"]
[TimeControl "40+10"]
[WhiteElo "2367"]
[BlackElo "2243"]

1. d4 Nf6 2. c4 e6 3. Nf3 b6 4. a3 Bb7 5. Bf4 d5 6. cxd5 exd5 7. Nc3 Bd6 8. Bxd6 Qxd6 9. Rc1 c6 10.
g3 Nbd7 11. Bg2 O-O 12. O-O Rfe8 13. Qc2 h6 14. Rfd1 Rac8 15. e3 Qe7 16. Qb3 Ng4 17. Re1 Ngf6 18. Nd2 Nf8 19.
Qa4 a6 20. b4 Qd7 21. Nf3 Qd6 22. Qb3 Rc7 23. Na4 N8d7 24. Ne5 Nxe5 25. dxe5 Qxe5 26. Nxb6 Rce7 27. Na4 h5 28. Red1 h4 29.
Rd4 hxg3 30. hxg3 Qg5 31. Qd1 Qe5 32. Nb2 Qd6 33.
Nc4 Qd7 34. Na5 Ba8 35. Rh4 Qd6 36. Qd4 Nd7 37. Qg4 Nf6 38. Qh3 Kf8 39. Rh8+ Ng8 40. Qh7 1-0

[Event "World Women Teams Championship"]
[Site "Sitges, Spain"]
[Date "2021.09.28"]
[Round "3.5"]
[White "Sebag, Marie"]
[Black "Matnadze, Ana"]
[Result "1-0"]
[TimeControl "40+10"]
[WhiteElo "2401"]
[BlackElo "2349"]

1. e4 d5 2. exd5 Qxd5 3. Nc3 Qd8 4. d4 c6 5. Bc4 g6 6. Nf3 Bg7 7. Ne5 e6 8. Ne4 h6 9. Bf4 Nf6 10.
Nxf6+ Qxf6 11. Qd2 Qe7 12. Bb3 b5 13. O-O-O a5 14. a3 a4 15. Ba2 g5 16. Bg3 h5 17. h4 g4 18. Kb1 O-O 19.
Qg5 Qb7 20. Nd3 Nd7 21. Bd6 Re8 22. Nf4 Nf6 23. Nxh5 Nxh5 24. Qxh5 c5 25. Bxc5 Bd7 26. Qxg4 Bc6 27. d5 Bxd5 28.
Bxd5 exd5 29. Bd4 f6 30. Bxf6 Rf8 31.
Bxg7 Qxg7 32. Qxg7+ Kxg7 33. Rxd5 Rxf2 34. Rxb5 Re8 35.
g4 Ree2 36. Rc1 Rh2 37. h5 Kh6 38. Rb4 Kg5 39. Rxa4 Reg2 40. Rc4 Re2 41. a4 Re5 42. b3 Rd5 43. Kb2 Re5 44. Rf1 Ree2 45.
Rf5+ Kh4 46. h6 Kg3 47. Rh5 Rxh5 48. gxh5 1-0

[Event "World Women Teams Championship"]
[Site "Sitges, Spain"]
[Date "2021.09.28"]
[Round "3.7"]
[White "Benmesbah, Natacha"]
[Black "Eizaguerri Floris, Maria"]
[Result "0-1"]
[TimeControl "40+10"]
[WhiteElo "2193"]
[BlackElo "1811"]

1. e4 c5 2. Nf3 d6 3. Bb5+ Nd7 4.
d4 cxd4 5. Qxd4 a6 6. Bxd7+ Bxd7 7. c4 e5 8. Qd3 b5 9. Nc3 bxc4 10. Qxc4 Be6 11. Qc6+ Bd7 12. Qc4 h6 13. O-O Nf6 14.
Qd3 Be7 15. Nd2 Qc7 16. Nc4 Be6 17. Ne3 O-O 18. b3 Rfc8 19. Bb2 Qb7 20. Rfd1 Nd7 21. Ncd5 Bf8 22. Nc4 Nc5 23. Qf3 f5 24. exf5 e4 25. Nf6+ Kh8 26. Qe2 Bxc4 27.
Qxc4 gxf6 28. Bxf6+ Bg7 29. Qd4 Bxf6 30. Qxf6+ Qg7 31. Qxd6 Nd3 32. Rf1 Rf8 33. Qd5 Rfe8 34. g3 Rad8 35. Qc6 a5 36. a3 Rc8 37.
Qd5 Rc2 38. Rad1 Re2 39. Qxa5 Rf8 40. Qd5 Qf6 41. Qe6 Qxf5 42. Qxh6+ Kg8 43. Qe3 Rxe3 44. fxe3 Qe6 0-1